 Dungeon Crawl Stone Soup version 0.28-a0-1235-g7c8fac35f0 (webtiles) character file.

Game seed: 12334165877389876016

18 Gargoyl the Skirmisher (level 2, 0/29 HPs)
             Began as a Gnoll Abyssal Knight on Dec 25, 2021.
             Was a Follower of Lugonu.
             Succumbed to a scorpion's poison
             ... on level 1 of the Dungeon.
             The game lasted 00:01:29 (1240 turns).

Gargoyl the Skirmisher (Gnoll Abyssal Knight)       Turns: 1240, Time: 00:01:30

Health: 0/29       AC: 14    Str: 12    XL:     2   Next: 66%
Magic:  5/5        EV: 12    Int:  9    God:    Lugonu [*.....]
Gold:   47         SH:  0    Dex: 12    Spells: 2/2 levels left

rFire   . . .      SeeInvis +   a - +1 hand axe (protect)
rCold   . . .      Faith    .   (no shield)
rNeg    . . .      Spirit   .   b - +0 leather armour
rPois   .          Reflect  .   (no helmet)
rElec   .          Harm     .   (no cloak)
rCorr   .          Rampage  .   (no gloves)
Will    .....                   (no boots)
Stlth   +.........              (no amulet)
HPRegen 0.09/turn               c - ring of see invisible
MPRegen 0.09/turn               g - +4 ring of protection

@: lethally poisoned (0 -> -8), under a protective aura
A: fangs 1, strong nose, distributed training
a: Renounce Religion, Depart the Abyss


You were on level 1 of the Dungeon.
You worshipped Lugonu.
Lugonu was aware of your devotion.
You visited 1 branch of the dungeon, and saw 2 of its levels.
You visited the Abyss 1 time.

You collected 47 gold pieces.

Inventory:

Hand Weapons
 a - a +1 hand axe of protection (weapon)
Armour
 b - a +0 leather armour (worn)
Jewellery
 c - a ring of see invisible (left hand)
 d - a ring of magical power
 g - a +4 ring of protection (right hand)
Potions
 e - a potion of attraction {unknown}
 f - a potion of degeneration {unknown}


   Skills:
 + Level 6.5 Fighting
 + Level 0.5 Short Blades
 + Level 0.5 Long Blades
 + Level 4.5 Axes
 + Level 0.5 Maces & Flails
 + Level 0.5 Polearms
 + Level 0.5 Staves
 + Level 0.5 Slings
 + Level 0.5 Bows
 + Level 0.5 Crossbows
 + Level 0.5 Throwing
 + Level 4.5 Armour
 + Level 2.5 Dodging
 + Level 0.5 Stealth
 + Level 0.5 Shields
 + Level 0.5 Unarmed Combat
 + Level 0.5 Spellcasting
 + Level 0.3 Conjurations
 + Level 0.3 Hexes
 + Level 0.3 Summonings
 + Level 0.3 Necromancy
 + Level 0.3 Translocations
 + Level 0.3 Transmutations
 + Level 0.3 Fire Magic
 + Level 0.3 Ice Magic
 + Level 0.3 Air Magic
 + Level 0.3 Earth Magic
 + Level 0.3 Poison Magic
 + Level 4.5 Invocations
 + Level 0.5 Evocations


You had 2 spell levels left.
You didn't know any spells.
Your spell library contained the following spells:

 Spells                   Type           Power      Damage    Failure   Level
 Summon Small Mammal      Summ           0%         N/A       41%         1
 Call Canine Familiar     Summ           0%         N/A       78%         3
 Summon Guardian Golem    Hex/Summ       0%         N/A       78%         3


Dungeon Overview and Level Annotations

Branches:
Dungeon (2/15)

Altars:


Innate Abilities, Weirdness & Mutations

You have very sharp teeth.
Your uncanny sense of smell can sniff out nearby items.
Your experience applies equally to all skills.


Message History

You hit the scorpion.
The scorpion is moderately wounded.
You hit the rat.
You kill the rat!
Lugonu accepts your kill.
You hit the worm.
You feel sick.
The scorpion stings you but does no damage.
You hit the scorpion.
You bite the scorpion, but do no damage.
The scorpion is severely wounded.
You hit the worm.
You feel sick.
The scorpion stings you but does no damage.
The worm bites you but does no damage.
Unknown command.
You hit the scorpion but do no damage.
The scorpion is severely wounded.
You hit the worm.
You feel sick.
The scorpion stings you but does no damage.
Unknown command.
You hit the scorpion but do no damage. You bite the scorpion.
The scorpion is severely wounded.
You barely miss the worm.
You feel sick. The scorpion barely misses you. The worm misses you.
The scorpion stings you.
You are lethally poisoned!
The scorpion poisons you!
Unknown command.
You hit the scorpion.
The scorpion is almost dead.
You barely miss the worm.
* * * LOW HITPOINT WARNING * * *
You feel very sick. The scorpion misses you.
The worm bites you but does no damage.
* * * LOW HITPOINT WARNING * * *
You feel very sick.
You see here a rat corpse.
Unknown command.
Unknown command.
* * * LOW HITPOINT WARNING * * *
You feel sick.
You die...

##### #...# ##### #...###...#
#########
####........@########........
#####......(..............#######
#.............#s###########
#.###.........#w######### ######
#.# ##.#...####.........# #.....
#.# #.#...# #########.# #.###.
#.# ##.#...############.# #.# #.
#.###................##.# #.# ##
#.##...#############.##.# #.#


You could see a worm and a scorpion.

Vanquished Creatures
  3 endoplasms (D:1)
  2 hobgoblins
  4 jackals (D:1)
  2 kobolds
  A ball python (D:1)
  A frilled lizard (D:1)
  A goblin (D:1)
  2 rats (D:1)
16 creatures vanquished.

Notes
Turn   | Place    | Note
-------+----------+-------------------------------------------
     0 | Abyss:1  | Gargoyl the Gnoll Abyssal Knight began the quest for the
                  | Orb.
     0 | Abyss:1  | Reached XP level 1. HP: 23/23 MP: 3/3
    82 | Abyss:1  | Noticed a nagaraja skeleton
   117 | Abyss:2  | Noticed a dread lich
   119 | Abyss:2  | Paralysed by a dread lich for 4 turns
   121 | Abyss:2  | Noticed an Ice Fiend
   130 | D:1      | Escaped the Abyss
   376 | D:1      | Reached * piety under Lugonu
   377 | D:1      | Reached XP level 2. HP: 8/29 MP: 5/5
  1197 | D:2      | Identified a scroll of acquirement
  1197 | D:2      | Acquired a +4 ring of protection
  1224 | D:2      | Noticed a scorpion
  1239 | D:1      | HP: 1/29 [poisoned by a scorpion]
  1240 | D:1      | Succumbed to a scorpion's poison

Illustrated notes

Levels and vault maps discovered:
D:1:      tarquinn_simple_flora_water_d, layout_loops_ring
D:2:      layout_rooms, hellmonk_ecumenical_altar_pennies_from_heaven

Action                   || total
-------------------------++-------
Melee: Hand axe          ||    56
       Bite              ||     5
Invok: Depart the Abyss  ||     1
  Use: Scroll            ||     4
Armor: Leather armour    ||    26
Dodge: Dodged            ||    33

Table legend: (Time is in decaauts)
 A = Elapsed time spent in this place.
 B = Non-inter-level travel time spent in this place.
 C = Inter-level travel time spent in this place.
 D = Time resting spent in this place.
 E = Time spent auto-exploring this place.
 F = Levels seen in this place.
 G = Mean time per level.
                   A        B        C        D        E       F      G
               +--------+--------+--------+--------+--------+-----+--------+
         Total |   1243 |   1227 |     16 |      0 |   1014 |   4 |  310.8 |
       Dungeon |   1113 |   1097 |     16 |      0 |    932 |   2 |  556.5 |
         Abyss |    129 |    129 |      0 |      0 |     82 |   2 |   64.5 |
               +--------+--------+--------+--------+--------+-----+--------+

Top non-repeatable levels by time:
     D:1: 1074 daAuts
 Abyss:1: 114 daAuts
     D:2: 39 daAuts
 Abyss:2: 15 daAuts
